 Dungeon Crawl Stone Soup version 0.30.1-3-gfc49f6343a (webtiles) character file.

Game seed: 11788008536483755182

135 spardeous the Trooper (level 4, -7/40 HPs)
             Began as a Demigod Hunter on July 27, 2023.
             Mangled by a gnoll bouda
             ... wielding a +0 club
              (10 damage)
             ... on level 5 of the Dungeon.
             The game lasted 00:02:45 (1989 turns).

spardeous the Trooper (Demigod Hunter)              Turns: 1989, Time: 00:02:45

Health: -7/40      AC:  9    Str: 12    XL:     4   Next: 66%
Magic:  9/9        EV:  6    Int: 15    God:
Gold:   104        SH:  0    Dex: 23    Spells: 4/6 levels left

rFire   . . .        a - +0 shortbow
rCold   . . .        (shield currently unavailable)
rNeg    . . .        k - +0 chain mail
rPois   .            (no helmet)
rElec   .            o - +0 cloak
rCorr   .            (no gloves)
SInv    .            (no boots)
Will    .....        (no amulet) Stlth
                     l - +6 ring of dexterity
HPRegen 0.26/turn    (no ring)
MPRegen 0.11/turn

%: no passive effects
@: weakened
A: high MP 1, forlorn, divine attributes
a: no special abilities


You were on level 5 of the Dungeon.
You visited 1 branch of the dungeon, and saw 5 of its levels.

You collected 104 gold pieces.

Inventory:

Hand Weapons
 a - a +0 shortbow (weapon)
Armour
 c - a +0 leather armour
 k - a +0 chain mail (worn)
 o - a +0 cloak (worn)
Jewellery
 l - a +6 ring of dexterity (left hand)
Scrolls
 b - a scroll of immolation
 e - a scroll of butterflies {unknown}
 f - 2 scrolls of fear {unknown}
 m - a scroll of identify {unknown}
 n - a scroll of torment {unknown}
Potions
 d - a potion of invisibility {unknown}
 g - a potion of mutation {unknown}
 h - a potion of heal wounds {unknown}
 i - a potion of berserk rage {unknown}
 j - a potion of cancellation {unknown}


   Skills:
 - Level 4.2 Fighting
 - Level 3.6 Ranged Weapons
 - Level 1.7 Dodging
 - Level 0.8 Stealth
 + Level 1.5 Spellcasting


You had 4 spell levels left.
You knew the following spells:

 Your Spells              Type           Power      Damage    Failure   Level
a - Wereblood             Tmut           1%         N/A       100%        2

Your spell library contained the following spells:

 Spells                   Type           Power      Damage    Failure   Level
 Sublimation of Blood     Necr           1%         N/A       100%        2
 Summon Guardian Golem    Hex/Summ       1%         N/A       100%        3
 Orb of Destruction       Conj           0%         9d5       100%        7
 Spellforged Servitor     Conj/Summ      0%         N/A       100%        7
 Summon Hydra             Summ           0%         N/A       100%        7


Dungeon Overview and Level Annotations

Branches:
Dungeon (5/15)
 Temple: D:4-7


Innate Abilities, Weirdness & Mutations

You have an increased reservoir of magic. (+10% MP)
You shall have no god before yourself.
Your divine heritage dramatically boosts your attributes as you level up.


Message History

The arrow hits the gnoll bouda but does no damage.
The gnoll bouda is almost dead.
The gnoll bouda gazes fiercely through you!
You feel as though you will be weak longer.
The gnoll bouda hits you but does no damage. x2
You shoot an arrow.
The arrow barely misses the gnoll bouda.
The gnoll bouda hits you but does no damage.
The gnoll bouda barely misses you.
You shoot an arrow.
The arrow hits the gnoll bouda but does no damage.
The gnoll bouda is almost dead.
The gnoll bouda gazes fiercely through you!
You feel as though you will be weak longer.
The gnoll bouda hits you with a +0 club.
* * * LOW HITPOINT WARNING * * *
The gnoll bouda hits you with a +0 club.
* * * LOW HITPOINT WARNING * * *
You take 8 damage, and have 2/40 hp.
You shoot an arrow.
The arrow barely misses the gnoll bouda.
The gnoll bouda gazes fiercely through you!
You feel as though you will be weak longer.
The gnoll bouda hits you with a +0 club.
* * * LOW HITPOINT WARNING * * *
The gnoll bouda hits you but does no damage.
You shoot an arrow.
The arrow hits the gnoll bouda but does no damage.
The gnoll bouda is almost dead.
The gnoll bouda prays to its god.
The gnoll bouda is healed somewhat.
The gnoll bouda hits you but does no damage.
You shoot an arrow. The arrow hits the gnoll bouda.
The gnoll bouda is almost dead.
The gnoll bouda completely misses you.
You shoot an arrow.
The arrow closely misses the gnoll bouda.
The gnoll bouda hits you but does no damage.
The gnoll bouda hits you with a +0 club!
You die...

#.......#
#.......#
+.......#
#.......#
#.......#
#.......#
#.......#
#)......#
#@......#
#g......#
#.......#
#.....(.#
#.......#
#........
#........
#..(.....


You could see a gnoll bouda.

Vanquished Creatures
  A hound (D:5)
  A gnoll (D:5)
  2 adders (D:3)
  An ufetubus (D:3)
  2 worms (D:3)
  2 dart slugs
  3 orcs (D:4)
  5 endoplasms
  2 giant cockroaches
  2 goblins
  8 hobgoblins
  2 jackals (D:3)
  3 quokkas (D:3)
  6 ball pythons
  5 bats
  4 frilled lizards
  4 kobolds
  8 rats
61 creatures vanquished.

Notes
Turn   | Place    | Note
-------+----------+-------------------------------------------
     0 | D:1      | spardeous the Demigod Hunter began the quest for the Orb.
     0 | D:1      | Reached XP level 1. HP: 17/17 MP: 3/3
    28 | D:1      | Reached skill level 2 in Fighting
    64 | D:1      | Reached XP level 2. HP: 25/25 MP: 4/4
   631 | D:1      | Reached skill level 3 in Fighting
   959 | D:2      | You fall into a shaft and drop 1 floor!
   970 | D:3      | Reached XP level 3. HP: 31/31 MP: 5/5
  1355 | D:3      | Reached skill level 4 in Fighting
  1405 | D:3      | Reached XP level 4. HP: 40/40 MP: 6/6
  1785 | D:5      | Entered Level 5 of the Dungeon
  1801 | D:5      | Reached skill level 1 in Spellcasting
  1959 | D:4      | Learned a level 2 spell: Wereblood
  1985 | D:5      | HP: 2/40 [gnoll bouda/+0 club (2)]
  1989 | D:5      | Mangled by a gnoll bouda

Illustrated notes

Levels and vault maps discovered:
D:1:      lightli_iron_boxes, layout_basic, minmay_misc_feat_room
D:2:      layout_basic, minmay_unequal
D:3:      layout_loops_ring, bloody_trog, st_stairs_1
D:4:      layout_loops_corners, ebering_ghost_sewer_f
D:5:      layout_gridville, lemuel_tele_altar, uniq_pikel

Skill      XL: |  1  2  3  4 |
---------------+-------------+-----
Fighting       | 2 3 4 |  4.2
Spellcasting   | 1 |  1.5
Ranged Weapons | |  3.6
Dodging        | |  1.7
Stealth        | |  0.8

Action                     |  1- 3 |  4- 6 || total
---------------------------+-------+-------++-------
   Fire: Shortbow          |   137 |    63 ||   200
 Armour: Leather armour    |    11 |       ||    11
         Chain mail        |    39 |    47 ||    86
  Dodge: Dodged            |    37 |    24 ||    61
